 Dungeon Crawl Stone Soup version 0.30-a0-738-g116ff8c4af (webtiles) character file.

Game seed: 520817190062707166

129031 DEFE the Bludgeoner (level 17, -6/123 HPs)
             Began as a Djinni Fighter on Feb 3, 2023.
             Was a High Priest of Trog.
             Mangled by a spectral spriggan berserker (8 damage)
             ... called from beyond by a ghost crab
             ... on level 3 of the Swamp.
             The game lasted 00:36:06 (24362 turns).

DEFE the Bludgeoner (Djinni Fighter)               Turns: 24362, Time: 00:36:06

Health: -6/123     AC: 15    Str: 21    XL:     17   Next: 60%
Gold:   1870       EV: 17    Int: 15    God:    Trog [*****.] SH: 14 Dex: 14

rFire   + + +      SeeInvis +    t - +10 morningstar "Eos" {elec, Halo rElec}
rCold   + + +      Faith    .    c - +2 shield of Resistance {rF++ rC++ Will++}
rNeg    . . .      Spirit   .    Y - +4 skin of Zhor {*Englaciate rC+++ SInv}
rPois   ∞          Reflect  .    h - +2 helmet of True Grit {Regen+ Int+2}
rElec   +          Harm     .    v - +0 cloak
rCorr   .          Rampage  .    F - +1 pair of gloves of the Frog {rElec Int+2 Stlth+}
Will    +++++                    (boots unavailable)
Stlth   +                        f - amulet of regeneration
HPRegen 3.00/turn                W - ring of protection from cold
MPRegen 0.00/turn                a - +4 ring of slaying

@: strong-willed, flying, regenerating, glowing
A: sickness immunity, fire resistance 2, cold vulnerability 1, float, innate
caster, HP casting, extra vitality 1
a: Renounce Religion, Berserk, Trog's Hand, Brothers in Arms


You were on level 3 of the Swamp.
You worshipped Trog.
Trog was extremely pleased with you.
You visited 4 branches of the dungeon, and saw 25 of its levels.
You also visited: Ossuary, Gauntlet, Ice Cave and Volcano.

You collected 3620 gold pieces.
You spent 1750 gold pieces at shops.

Inventory:

Hand Weapons
 t - the +10 morningstar "Eos" (weapon) {elec, Halo rElec}
   (You acquired it on level 1 of the Lair of Beasts)

   Halo:      It grants its wielder a halo, revealing invisible creatures and
   increasing accuracy against all within it other than the wielder.
   rElec:     It insulates you from electricity.
Missiles
 B - a curare-tipped dart
 E - 5 silver javelins (quivered)
Armour
 c - the +2 shield of Resistance (worn) {rF++ rC++ Will++}
   (You found it on level 2 of the Swamp)

   rF:        It greatly protects you from fire.
   rC:        It greatly protects you from cold.
   Will:      It greatly increases your willpower.
 h - the +2 helmet of True Grit (worn) {Regen+ Int+2}
   (You found it in an ice cave)

   Int:       It affects your intelligence (+2).
   Regen:     It increases your rate of health regeneration.
 v - a +0 cloak (worn)
 y - a +2 chain mail of cold resistance
 F - the +1 pair of gloves of the Frog (worn) {rElec Int+2 Stlth+}
   (You found it on level 5 of the Dungeon)

   Int:       It affects your intelligence (+2).
   rElec:     It insulates you from electricity.
   Stlth:     It makes you more stealthy.
 H - a scarf of repulsion
 L - +0 acid dragon scales
 T - the +0 ring mail of Hunez {rF+ Str+2 Dex+4 Slay+6}
   (You found it on level 12 of the Dungeon)

   Str:       It affects your strength (+2).
   Dex:       It affects your dexterity (+4).
   Slay:      It affects your accuracy & damage with ranged weapons and melee
   (+6).
   rF:        It protects you from fire.
 Y - the +4 skin of Zhor (worn) {*Englaciate rC+++ SInv}
   (You found it on level 3 of the Lair of Beasts)

   *Englaciate: It radiates cold, occasionally slowing all nearby creatures who
   are not resistant to cold.
   rC:        It renders you almost immune to cold.
   SInv:      It lets you see invisible.
Jewellery
 a - a +4 ring of slaying (right hand)
 f - an amulet of regeneration (around neck)
 P - a ring of fire
 R - a ring of positive energy
 W - a ring of protection from cold (left hand)
Wands
 q - a wand of polymorph (5)
 x - a wand of light (13)
 K - a wand of mindburst (36)
 M - a wand of paralysis (19)
 U - a wand of iceblast (6)
 V - a wand of digging (13)
Scrolls
 d - 2 scrolls of fog
 i - 4 scrolls of immolation
 l - 13 scrolls of teleportation
 n - 4 scrolls of vulnerability
 o - 7 scrolls of blinking
 p - 2 scrolls of summoning
 u - 3 scrolls of poison
 C - 3 scrolls of magic mapping
 G - 3 scrolls of enchant armour
 O - 2 scrolls of enchant weapon
 Q - 5 scrolls of fear
 S - a scroll of silence
 X - a scroll of torment
Potions
 e - 9 potions of curing
 g - 8 potions of ambrosia
 j - 6 potions of cancellation
 k - 12 potions of heal wounds
 r - 5 potions of brilliance
 s - 3 potions of berserk rage
 w - 6 potions of haste
 z - 5 potions of lignification
 A - 6 potions of mutation
 D - 6 potions of flight
 I - 4 potions of might
 J - 4 potions of attraction
 N - 3 potions of resistance
Miscellaneous
 b - a phantom mirror
 Z - a box of beasts


   Skills:
 + Level 12.2 Fighting
 - Level 16.0 Maces & Flails
 - Level 14.0 Armour
 + Level 12.1 Dodging
 + Level 12.4 Shields


You couldn't memorise any spells.
You knew the following spells:

 Your Spells              Type           Power      Damage    Failure   Level
a - Magic Dart            Conj           0%         1d3       47%         1
b - Call Imp              Summ           0%         N/A       63%         2
c - Passwall              Tmut/Erth      0%         N/A       63%         2
d - Olgreb's Toxic Radia  Pois           0%         N/A       99%         4
e - Blade Hands           Tmut           0%         N/A       100%        5
f - Agony                 Necr           0%         N/A       100%        5
g - Starburst             Conj/Fire      0%         6d3       100%        6
h - Dispersal             Tloc           0%         N/A       100%        6
Your spell library was empty.


Dungeon Overview and Level Annotations

Branches:
Dungeon (15/15)            Temple (0/1) D:6            Lair (5/5) D:9
  Swamp (3/4) Lair:2        Snake (0/4) Lair:3        Slime (0/5) Lair:5
    Orc (2/2) D:10            Elf (0/3) Orc:2        Vaults (0/5) D:13
 Depths (0/4) D:15        Ossuary (visited)           IceCv (visited)
Volcano (visited)         Gauntlet (visited)

Altars:
Ashenzari
Cheibriados
Elyvilon
Fedhas
Gozag
Makhleb
Qazlal
Ru
Trog
Uskayaw
Yredelemnul
Zin
The Shining One

Shops:
D:4 *   D:11 *   D:12 (   D:13 ?   Orc:1 *   Orc:2 [*(=

Portals:
Trove: D:12 (give +6 demon trident)

Annotations:
D:5 1 runed translucent door, Crazy Yiuf
Lair:5 1 runed translucent door
Swamp:3 Nikola


Innate Abilities, Weirdness & Mutations

You are immune to sickness and miasma.
You are immune to poison.
Your flesh is very heat resistant. (rF++)
You are vulnerable to cold. (rC-)
You float through the air rather than walking.
You learn spells naturally, not from books.
Your magical power is your life essence.
You have superior vitality. (+4 MHP)


Message History

Unknown command.
Unknown command.
The spectral spriggan air mage attacks as you move away!
You block the spectral spriggan air mage's attack.
You are engulfed in spectral mist.
The ghost crab breathes spectral mist at you.
The spectral mist engulfs the spectral spriggan air mage but does no damage.
You block the spectral spriggan air mage's attack.
You regained 3 hp, and now have 68/123 hp.
Unknown command.
Unknown command.
The ghost crab breathes spectral mist at you.
The spectral mist engulfs the spectral spriggan air mage but does no damage.
You regained 3 hp, and now have 71/123 hp.
Unknown command.
Nikola splashes around in the water.
The ghost crab breathes spectral mist at you.
The spectral mist engulfs the spectral death drake but does no damage.
You block the spectral spriggan air mage's attack.
You regained 3 hp, and now have 74/123 hp.
Unknown command.
Unknown command.
You impale Nikola!!
Nikola is no longer blind.
Nikola gestures wildly while chanting.
Lightning arcs from Nikola's hands!
The bolt of lightning hits you!!!! You resist.
Ouch! That really hurt!
* * * LOW HITPOINT WARNING * * *
A bolt of lightning appears from out of thin air!
The bolt of lightning hits Nikola!
The bolt of lightning hits the spectral spriggan air mage!!!!
The spectral spriggan air mage is destroyed!
The spectral spriggan air mage fades away!
The bolt of lightning hits the spectral death drake!!!
The bolt of lightning hits the spectral spriggan air mage!!
The bolt of lightning hits the spectral spriggan berserker!!!
The spectral death drake closely misses you.
The spectral spriggan air mage hits you but does no damage.
The spectral spriggan berserker hits you!
You die...

♣.♣ .♣ ♣~~♣♣
♣~♣♣
♣~§.♣♣.~~♣♣
♣♣♣♣~~.♣♣~~♣.♣
♣..~~...~~~~♣
♣.♣.♣.~~~~~♣
♣~~~@Z~~.~♣
♣.@Z~..~♣♣
♣.~Z~~~†.♣
♣♣.○♣○°<~♣
♣.♣○○§§~♣
♣.~Z♣)♣.♣
♣.~☼○~~~♣
♣~○.☼§.♣♣
♣~~☼○§☼♣
.♣♣~.~~♣


You could see Nikola, 2 spectral death drakes, a spectral spriggan berserker
(summoned) and a spectral spriggan air mage (summoned).

Vanquished Creatures
  Kirke (Swamp:1)
  A fenstrider witch (Swamp:2)
  Aizul (Swamp:1)
  2 orc warlords
  3 ghouls (Swamp:1)
  A stone giant (D:15)
  2 eleionomae
  3 dire elephants (Lair:5)
  A minotaur (Gauntlet)
  Fannar (Lair:3)
  8 hydras
  2 ice dragons (Swamp:2)
  2 two-headed ogres
  3 centaur warriors
  A dancing weapon (Volcano)
  3 ghost crabs
  3 boulder beetles
  A spectral dire elephant (Lair:5)
  5 tengu warriors
  10 alligators
  A soul eater (Gauntlet)
  An orc high priest (Orc:2)
  3 spriggans (Swamp:2)
  A spectral death yak (Lair:5)
  A fire crab (Gauntlet)
  3 goliath frogs (Swamp:1)
  A spectral anaconda (Lair:5)
  4 swamp dragons (Swamp:2)
  10 bog bodies
  A lindwurm (Lair:4)
  Pikel (D:4)
  An obsidian statue (Lair:5)
  8 orc knights
  6 wizards
  3 deep elf pyromancers (D:13)
  A deep elf archer (D:13)
  A deep elf zephyrmancer (D:13)
  3 orc sorcerers (Orc:2)
  4 cyclopes
  A manticore (D:11)
  4 necromancers
  17 elephants
  7 spectral spriggans (Swamp:1)
  7 black mambas
  2 will-o-the-wisps
  An ice statue (IceCv)
  16 ugly things
  5 toenail golems (Volcano)
  Joseph (D:7)
  A dire elephant zombie (Lair:5)
  Maggie (Lair:1)
  A kobold demonologist (D:13)
  3 gargoyles
  A torpor snail (Lair:3)
  14 cane toads
  6 rime drakes
  A dire elephant skeleton (Lair:5)
  An unseen horror (D:13)
  An efreet (D:14)
  14 ice devils (IceCv)
  5 freezing wraiths
  9 yaktaurs
  4 komodo dragons
  2 anaconda simulacra (IceCv)
  3 meliai (D:13)
  4 trolls
  A polar bear (Lair:2)
  5 tyrant leeches
  4 hornets
  16 blink frogs
  A jumping spider (shapeshifter) (D:14)
  Sigmund (D:3)
  13 slime creatures
  A dire elephant simulacrum (IceCv)
  4 shadows (Gauntlet)
  4 wraiths
  4 fire bats (Gauntlet)
  2 wyverns
  35 yaks
  2 basilisks
  3 hogs (Swamp:1)
  4 vampire mosquitoes (D:12)
  2 steam dragons
  5 death yak simulacra
  3 wargs
  3 spectral cane toads (Lair:5)
  3 nagas (Lair:3)
  2 harpy simulacra (IceCv)
  8 swamp worms
  An acid dragon (D:10)
  3 hydra simulacra
  6 water moccasins
  3 hell hounds (Gauntlet)
  3 swamp drakes
  A sky beast (D:6)
  Pargi (D:3)
  4 black bears
  2 elephant zombies (Lair:5)
  37 orc warriors
  An ice beast (D:8)
  6 ogres
  3 wolves (Lair:2)
  4 centaurs
  An elephant skeleton (Lair:5)
  A phantom (D:5)
  4 kobold brigands
  7 bullfrogs
  2 necrophages
  A two-headed ogre simulacrum (IceCv)
  A gnoll sergeant (D:4)
  6 scorpions
  7 cane toad simulacra (IceCv)
  5 wights (D:9)
  5 elephant simulacra
  3 killer bees (D:9)
  5 howler monkeys
  A hound (D:6)
  3 jellies
  A gnoll bouda (D:4)
  16 orc priests
  Terence (D:3)
  6 iguanas
  Natasha (D:2)
  17 orc wizards
  4 polar bear simulacra (IceCv)
  2 spriggan simulacra (IceCv)
  2 troll simulacra (IceCv)
  2 wolf simulacra (IceCv)
  8 mummies (Ossuary)
  Robin (D:3)
  18 gnolls
  A naga simulacrum (IceCv)
  7 adders
  5 shadow imps
  2 white imps
  An ufetubus (D:5)
  2 worms
  2 dart slugs
  83 orcs
  12 ball pythons
  7 endoplasms
  A giant cockroach (D:1)
  15 goblins
  9 hobgoblins
  5 quokkas
  4 bats
  3 frilled lizards
  2 gnoll zombies (Ossuary)
  3 hobgoblin zombies (Ossuary)
  11 kobolds
  2 kobold zombies (Ossuary)
  An orc zombie (Ossuary)
  5 rats
755 creatures vanquished.

Vanquished Creatures (others)
  An alligator (Swamp:2)
  4 bloated husks
  A swamp worm (Swamp:3)
  12 foxfires
  23 fungi
  28 plants
  11 withered plants (Lair:5)
80 creatures vanquished.

Grand Total: 835 creatures vanquished

Notes
Turn   | Place    | Note
-------+----------+-------------------------------------------
     0 | D:1      | DEFE the Djinni Fighter began the quest for the Orb.
     0 | D:1      | Reached XP level 1. HP: 20/20 MP: 0/0
    56 | D:1      | Reached skill level 2 in Maces & Flails
    67 | D:1      | Reached XP level 2. HP: 25/25 MP: 0/0
   454 | D:1      | Reached XP level 3. HP: 29/30 MP: 0/0
   454 | D:1      | Learned a level 1 spell: Magic Dart
   735 | D:2      | Found a faded altar of an unknown god.
   755 | D:2      | Prayed at the altar of an unknown god.
   755 | D:2      | Became a worshipper of Trog the Wrathful
   755 | D:2      | Reached * piety under Trog
   797 | D:2      | Reached skill level 3 in Maces & Flails
   921 | D:2      | Reached XP level 4. HP: 35/35 MP: 0/0
  1122 | D:3      | Noticed Natasha
  1134 | D:2      | Killed Natasha
  1134 | D:2      | HP: 1/52 [frozen (4)]
  1379 | D:3      | Reached XP level 5. HP: 39/40 MP: 0/0
  1379 | D:3      | Learned a level 2 spell: Call Imp
  1381 | D:3      | Noticed Pargi
  1400 | D:3      | Killed Pargi
  1401 | D:3      | Reached skill level 4 in Maces & Flails
  1402 | D:3      | Reached XP level 6. HP: 46/46 MP: 0/0
  1470 | D:3      | Reached skill level 5 in Maces & Flails
  1508 | D:3      | Reached ** piety under Trog
  1530 | D:3      | Found a glowing golden altar of the Shining One.
  1536 | D:3      | Noticed Terence
  1551 | D:3      | Killed Terence
  1613 | D:3      | Found a white marble altar of Elyvilon.
  1717 | D:3      | Noticed Sigmund
  1721 | D:3      | Noticed Robin
  1746 | D:3      | Killed Sigmund
  1747 | D:3      | Reached skill level 6 in Maces & Flails
  1747 | D:3      | Reached XP level 7. HP: 50/50 MP: 0/0
  1747 | D:3      | Learned a level 2 spell: Passwall
  1751 | D:3      | Killed Robin
  2061 | D:4      | Found a burning altar of Makhleb.
  2088 | D:4      | Found a sacrificial altar of Ru.
  2130 | D:4      | Found a glowing silver altar of Zin.
  2553 | D:4      | Found Gozag's Platinum Reserve.
  2554 | D:4      | Found an opulent altar of Gozag.
  2666 | D:4      | Reached XP level 8. HP: 45/56 MP: 0/0
  2739 | D:4      | Reached skill level 7 in Maces & Flails
  2792 | D:4      | Noticed Pikel
  2805 | D:4      | Killed Pikel
  2806 | D:4      | Reached skill level 8 in Maces & Flails
  2806 | D:4      | Reached skill level 5 in Armour
  3114 | D:5      | Entered Level 5 of the Dungeon
  3267 | D:5      | Reached XP level 9. HP: 60/60 MP: 0/0
  3267 | D:5      | Learned a level 4 spell: Olgreb's Toxic Radiance
  3279 | D:5      | Reached *** piety under Trog
  3518 | D:5      | Found a stormy altar of Qazlal.
  3629 | D:5      | Identified the +1 pair of gloves of the Frog {rElec Int+2
                  | Stlth+}
  3866 | D:5      | Found a runed translucent door.
  3867 | D:5      | Noticed Crazy Yiuf
  4451 | D:6      | Found a staircase to the Ecumenical Temple.
  4535 | D:6      | Found a bloodstained altar of Trog.
  4546 | D:6      | Identified the +1 dagger of Wiodgh {flame, MP+9}
  4580 | D:6      | Found a sand-covered staircase.
  4589 | Ossuary  | Entered an ossuary
  4870 | Ossuary  | Reached skill level 9 in Maces & Flails
  5133 | D:6      | Found Xyahao's Distillery.
  5141 | D:6      | Bought a potion of curing for 39 gold pieces
  5141 | D:6      | Bought a potion of ambrosia for 104 gold pieces
  5141 | D:6      | Bought a potion of degeneration for 13 gold pieces
  5141 | D:6      | Bought a potion of attraction for 39 gold pieces
  5141 | D:6      | Bought a potion of haste for 130 gold pieces
  5141 | D:6      | Bought a potion of flight for 39 gold pieces
  5454 | D:7      | Noticed a +0 dagger
  5454 | D:7      | Noticed a +0 falchion
  5455 | D:7      | Noticed a +0 short sword
  5455 | D:7      | Noticed a +0 spear
  5455 | D:7      | Noticed a +0 falchion
  5455 | D:7      | Noticed a +0 short sword
  5456 | D:7      | Noticed a +0 spear
  5456 | D:7      | Noticed a +0 dagger
  5510 | D:7      | Found a hide-covered altar of Uskayaw.
  5813 | D:7      | Noticed Joseph
  5825 | D:7      | Killed Joseph
  5843 | D:7      | Found a snail-covered altar of Cheibriados.
  5953 | D:7      | Reached XP level 10. HP: 67/67 MP: 0/0
  6349 | D:8      | Reached skill level 10 in Maces & Flails
  6566 | D:8      | Found a blossoming altar of Fedhas.
  6671 | D:8      | Reached **** piety under Trog
  6902 | D:8      | Noticed a boulder beetle
  6936 | D:8      | Killed a boulder beetle
  7084 | D:9      | Noticed a boulder beetle
  7170 | D:8      | Killed a boulder beetle
  7171 | D:8      | Reached skill level 11 in Maces & Flails
  7406 | D:9      | Reached XP level 11. HP: 66/71 MP: 0/0
  7406 | D:9      | Learned a level 5 spell: Blade Hands
  7498 | D:9      | Found a staircase to the Lair.
  7678 | D:9      | Reached skill level 12 in Maces & Flails
  8033 | D:10     | Entered Level 10 of the Dungeon
  8175 | D:10     | Found a broken altar of Ashenzari.
  8303 | D:10     | Found a basalt altar of Yredelemnul.
  8417 | D:10     | You are sucked into a shaft and drop 2 floors!
  8539 | D:12     | Noticed a two-headed ogre
  8548 | D:12     | Killed a two-headed ogre
  8601 | D:12     | Identified the +0 ring mail of Hunez {rF+ Str+2 Dex+4
                  | Slay+6}
  8796 | D:10     | Found a staircase to the Orcish Mines.
  8917 | D:11     | Noticed a cyclops
  8932 | D:11     | Killed a cyclops
  8990 | D:11     | Noticed a manticore
  9005 | D:11     | Killed a manticore
  9006 | D:11     | Reached skill level 10 in Armour
  9012 | D:11     | Reached XP level 12. HP: 76/76 MP: 0/0
  9236 | D:11     | Reached skill level 13 in Maces & Flails
  9240 | D:11     | Reached skill level 5 in Shields
  9368 | D:11     | Found Veohis's Fire Supplies.
 10285 | D:12     | Found Doofijoz's Antique Weapon Emporium.
 10434 | D:12     | Found a portal to a secret trove of treasure.
 10670 | Lair:1   | Entered Level 1 of the Lair of Beasts
 10816 | Lair:1   | Noticed Maggie
 10829 | Lair:1   | Killed Maggie
 10983 | Lair:1   | Reached skill level 14 in Maces & Flails
 11188 | Lair:1   | Identified a scroll of acquirement
 11324 | Lair:2   | Noticed a five-headed hydra
 11324 | Lair:2   | Noticed a seven-headed hydra
 11336 | Lair:1   | Killed a seven-headed hydra
 11337 | Lair:1   | Reached XP level 13. HP: 81/81 MP: 0/0
 11337 | Lair:1   | Learned a level 5 spell: Agony
 11360 | Lair:1   | Acquired the +10 morningstar "Eos" {elec, Halo rElec}
 11360 | Lair:1   | Found the +10 morningstar "Eos" {elec, Halo rElec}
 11669 | Lair:2   | Killed a five-headed hydra
 11812 | Lair:2   | Reached skill level 15 in Maces & Flails
 12139 | Lair:2   | Found a staircase to the Swamp.
 12336 | Lair:3   | Found a dark tunnel.
 12344 | Volcano  | Entered a volcano
 12938 | Lair:3   | Found a staircase to the Snake Pit.
 12959 | Lair:3   | Reached XP level 14. HP: 80/90 MP: 0/0
 12980 | Lair:3   | Found the +4 skin of Zhor {*Englaciate rC+++ SInv}
 13214 | Lair:3   | Noticed Fannar
 13231 | Lair:3   | Killed Fannar
 13727 | Lair:4   | Reached skill level 5 in Fighting
 13765 | Lair:4   | Reached skill level 1 in Dodging
 13775 | Lair:4   | Found a frozen archway.
 13797 | IceCv    | Entered an ice cave
 13864 | IceCv    | Reached ***** piety under Trog
 14692 | IceCv    | Reached skill level 16 in Maces & Flails
 14777 | IceCv    | Identified the +2 helmet of True Grit {Regen+ Int+2}
 15772 | Lair:5   | Entered Level 5 of the Lair of Beasts
 15788 | Lair:5   | Received a gift from Trog
 16169 | Lair:5   | Noticed a dire elephant
 16179 | Lair:5   | Killed a dire elephant
 16180 | Lair:5   | Reached skill level 5 in Dodging
 16182 | Lair:5   | Reached XP level 15. HP: 65/101 MP: 0/0
 16182 | Lair:5   | Learned a level 6 spell: Starburst
 16233 | Lair:5   | Found the +6 Majin-Bo {spellvamp, MP+6 Int+6}
 16439 | Lair:5   | Identified the ring "Latibaac" {rN+ Str-4 Int+4 Dex+6
                  | Stlth+}
 17042 | Lair:5   | Found a runed translucent door.
 17043 | Lair:5   | Noticed an acid blob
 17045 | Lair:5   | Noticed an acid blob
 17046 | Lair:5   | Found a staircase to the Slime Pits.
 17046 | Lair:5   | Noticed an acid blob
 17046 | Lair:5   | Noticed an acid blob
 17962 | D:13     | Found Rappa's Magic Scroll Shop.
 17970 | D:13     | Bought a scroll of identify for 36 gold pieces
 17970 | D:13     | Bought a scroll of teleportation for 54 gold pieces
 17970 | D:13     | Bought a scroll of blinking for 135 gold pieces
 17970 | D:13     | Bought a scroll of teleportation for 54 gold pieces
 18297 | D:13     | Found a gate to the Vaults.
 18385 | D:13     | Identified the +1 pair of boots of the Iron City of Dis
                  | {Harm Str+3}
 19062 | D:15     | Entered Level 15 of the Dungeon
 19353 | D:14     | Reached XP level 16. HP: 112/112 MP: 0/0
 19620 | D:15     | Found a staircase to the Depths.
 19676 | D:15     | Identified the +3 flail of Collusion {heavy, rPois rN++
                  | Will+ Int-4} (Trog gifted it to you on level 15 of the
                  | Dungeon)
 19676 | D:15     | Received a gift from Trog
 19781 | D:15     | Identified the +3 leather armour of Gitunyfe {Harm rPois
                  | SInv}
 19966 | Orc:1    | Entered Level 1 of the Orcish Mines
 19998 | D:10     | Reached skill level 10 in Shields
 20270 | Orc:1    | Found Geogaet's General Store.
 20273 | Orc:1    | Bought a potion of curing for 51 gold pieces
 20473 | Orc:2    | Entered Level 2 of the Orcish Mines
 20480 | Orc:2    | Found Iwisao's General Store.
 20538 | Orc:2    | Reached skill level 10 in Fighting
 20575 | Orc:2    | Bought a potion of mutation for 120 gold pieces
 20588 | Orc:2    | Found Piuth's Antique Armour Shoppe.
 20656 | Orc:2    | Found a gate leading to a gauntlet.
 20667 | Gauntlet | Entered a Gauntlet
 20667 | Gauntlet | Found a transporter.
 20674 | Gauntlet | Found a transporter.
 20678 | Gauntlet | Found a transporter.
 20686 | Gauntlet | Found a transporter.
 20690 | Gauntlet | Found a transporter.
 20698 | Gauntlet | Found a transporter.
 20702 | Gauntlet | Found a transporter.
 20715 | Gauntlet | Found a transporter.
 20719 | Gauntlet | Found a transporter.
 20728 | Gauntlet | Found a transporter.
 20755 | Gauntlet | Found a transporter.
 20767 | Gauntlet | Found a transporter.
 20779 | Gauntlet | Found a transporter.
 20791 | Gauntlet | Found a transporter.
 21041 | Gauntlet | Identified the +3 kite shield of Green Contentment {+Inv
                  | Str+3 Dex+3}
 21258 | Gauntlet | Identified the ring "Emoullut" {rF+ MP+9}
 21501 | Orc:2    | Received a gift from Trog
 21575 | Orc:2    | Found Heituvig's Antique Weapon Shoppe.
 21699 | Orc:2    | Found Muqahoh's Jewellery Shop.
 21712 | Orc:2    | Reached skill level 10 in Dodging
 21749 | Orc:2    | Found a staircase to the Elven Halls.
 22031 | Orc:2    | Bought a +4 ring of slaying for 936 gold pieces
 22160 | Swamp:1  | Entered Level 1 of the Swamp
 22165 | Swamp:1  | Noticed Kirke
 22177 | Swamp:1  | Killed Kirke
 22604 | Swamp:1  | Noticed Aizul
 22616 | Swamp:1  | Killed Aizul
 22749 | Swamp:1  | Reached XP level 17. HP: 116/121 MP: 0/0
 22749 | Swamp:1  | Learned a level 6 spell: Dispersal
 23433 | Swamp:2  | Found the +2 shield of Resistance {rF++ rC++ Will++}
 23965 | Swamp:2  | Found the +5 scythe "Finisher" {speed, eviscerate}
 24342 | Swamp:3  | Noticed Nikola
 24362 | Swamp:3  | HP: 2/123 [Nikola/arc of chain lightning (74)]
 24362 | Swamp:3  | Mangled by a spectral spriggan berserker

Illustrated notes

Levels and vault maps discovered:
D:1:      minmay_arrival_nine_rooms, layout_basic, minivault_11
D:2:      layout_rooms, nicolae_ecumenical_snake_handling
D:3:      layout_rooms, lemuel_crystal_altar, elyvilon_altar_1, uniq_natasha,
          uniq_pargi, uniq_terence, uniq_robin, uniq_sigmund
D:4:      layout_loops_corners, mainiacjoe_overflow_alcove_4,
          mainiacjoe_overflow_catwalk_spiral, nicolae_gozag_zags_fifth_avenue,
          uniq_pikel
D:5:      layout_layer_cave, mainiacjoe_overflow_six_doors_small,
          minmay_misc_feat_cross, kennysheep_cross_room,
          chequers_serial_rivers_marsh, uniq_crazy_yiuf_cottage
D:6:      layout_rooms, lemuel_crystal_altar,
          minmay_temple_entry_drinking_statues, serial_shops,
          nicolae_shop_hallway_stairs, chequers_ossuary_entry_cave,
          minmay_door_square
D:7:      layout_loops_corners, amcnicky_altar_gilded,
          nicolae_uskayaw_en_pointe, uniq_joseph
D:8:      layout_basic, grunt_temple_overflow_growth_and_decay
D:9:      layout_irregular_city, mainiacjoe_overflow_boulevard,
          grunt_lair_entry_orc_guard_hut
D:10:     layout_loops_ring, nicolae_ashenzari_skybound,
          nicolae_overflow_crystal_walls, orc_0_dummy
D:11:     layout_basic, nicolae_shop_fire_sale [nicolae_sub_dead_trees]
D:12:     layout_long_grid, serial_shops, shop, nicolae_trove_entry_diagonal
D:13:     layout_long_grid, hangedman_vaults_entry_quadrant_bands, serial_shops,
          shop, minmay_misc_feat_tiny, nicolae_straight_to_the_point
D:14:     layout_basic, infiniplex_staircase_split_hallway
D:15:     grunt_enter_depths_snipers, layout_cross, grunt_decor_resistance
Lair:1:   layout_misc_corridors, lemuel_fruit_tree, grunt_megastairs_1,
          uniq_maggie
Lair:2:   layout_regular_city, palyth_hydra_swamp_entry, serial_bayou_shore_a
Lair:3:   layout_chaotic_city, guppyfry_snake_entry_island, enter_volcano_2,
          hellmonk_guarded_unrand_zhor, grunt_megastairs_5, lemuel_fruit_fields,
          uniq_fannar
Lair:4:   layout_roguey, portal_ice_cave_rime, beast_lair_carwin_11,
          infiniplex_staircase_pool_2
Lair:5:   due_jungle_book, layout_loops_ring, slime_entry_2, minivault_26,
          lemuel_old_faithful
Swamp:1:  nicolae_swamp_flooded_prison, layout_basic_swamp,
          evilmike_swamp_ruin_house_1, uniq_kirke, uniq_aizul
Swamp:2:  layout_falls_marsh, evilmike_swamp_ruin_house_3, swamp_pool3,
          hangedman_swamp_double_dragon, infiniplex_staircase_pool
Swamp:3:  nicolae_swamp_tree_isthmus, layout_falls_marsh,
          hangedman_swamp_ruin_wall, swamp_pool1, uniq_nikola
Orc:1:    layout_caves, serial_shops, nicolae_shop_trees,
          nicolae_orc_sculptors_studio
Orc:2:    grunt_orc_gardens, layout_caves, grunt_orc_garden, grunt_orc_garden,
          grunt_orc_garden, grunt_orc_garden, gauntlet_entry_generic,
          hellmonk_bongcloud_opening

Skill      XL: |  1  2  3  4  5  6  7  8  9 10 11 12 13 14 15 16 17 |
---------------+----------------------------------------------------+-----
Maces & Flails | 2 3 4 6 8 9 11 12 14 15 16 | 16.0
Armour         | 5 7 8 10 11 12 13 14 | 14.0
Shields        | 4 6 7 9 11 12 | 12.4
Fighting       | 4 7 9 11 12 | 12.2
Dodging        | 5 8 10 12 | 12.1

Action                     |  1- 3 |  4- 6 |  7- 9 | 10-12 | 13-15 | 16-18 || total
---------------------------+-------+-------+-------+-------+-------+-------++-------
  Melee: Flail             |   102 |   119 |   248 |   670 |       |       ||  1139
         Morningstar       |       |       |       |       |   915 |   656 ||  1571
  Throw: Dart              |       |       |       |     1 |       |     1 ||     2
 Invoke: Berserk           |       |     4 |     6 |    14 |    17 |    10 ||    51
         Trog's Hand       |       |     1 |     1 |     4 |     9 |    11 ||    26
  Evoke: Wand              |       |       |       |       |     3 |     3 ||     6
    Use: Potion            |       |     1 |       |       |     1 |     2 ||     4
         Scroll            |       |       |     7 |     8 |    12 |     5 ||    32
   Stab: Paralysed         |       |       |       |       |     1 |       ||     1
 Armour: Scale mail        |    39 |    46 |       |       |       |       ||    85
         Chain mail        |       |    19 |   134 |   406 |   106 |       ||   665
         Animal skin       |       |       |       |       |   183 |   159 ||   342
  Dodge: Dodged            |    53 |    51 |    78 |   186 |   304 |   249 ||   921
  Block: Buckler           |    28 |    33 |    31 |   137 |    57 |       ||   286
         Kite shield       |       |       |       |       |   270 |   369 ||   639

Table legend: (Time is in decaauts)
 A = Elapsed time spent in this place.
 B = Non-inter-level travel time spent in this place.
 C = Inter-level travel time spent in this place.
 D = Time resting spent in this place.
 E = Time spent auto-exploring this place.
 F = Levels seen in this place.
 G = Mean time per level.
                   A        B        C        D        E       F      G
               +--------+--------+--------+--------+--------+-----+--------+
         Total |  24502 |  23140 |   1362 |   4069 |  13299 |  29 |  844.9 |
       Dungeon |  13060 |  12267 |    793 |   1728 |   7950 |  15 |  870.7 |
          Lair |   4947 |   4590 |    357 |    635 |   2775 |   5 |  989.4 |
         Swamp |   2213 |   2072 |    141 |    445 |   1005 |   3 |  737.7 |
  Orcish Mines |   1323 |   1253 |     70 |     73 |    846 |   2 |  661.5 |
       Ossuary |    432 |    432 |      0 |    211 |    121 |   1 |  432.0 |
      Ice Cave |   1380 |   1380 |      0 |    663 |    223 |   1 | 1380.0 |
       Volcano |    435 |    435 |      0 |     73 |    172 |   1 |  435.0 |
      Gauntlet |    708 |    708 |      0 |    240 |    206 |   1 |  708.0 |
               +--------+--------+--------+--------+--------+-----+--------+

Top non-repeatable levels by time:
  Lair:5: 1539 daAuts
   IceCv: 1380 daAuts
     D:5: 1348 daAuts
 Swamp:1: 1278 daAuts
     D:4: 1127 daAuts
    D:14: 1072 daAuts
    D:12: 1033 daAuts
  Lair:3: 1011 daAuts
    D:11: 987 daAuts
    D:13: 983 daAuts
  Lair:2: 963 daAuts
     D:8: 956 daAuts
 Swamp:2: 917 daAuts
     D:3: 910 daAuts
   Orc:2: 898 daAuts
